cohdb
Replays
Latest Replays
All Replays
Popular Replays
Top Player Replays
Match Explorer
How It Works
Community
CoH3 Stats
Reddit
Sign in to upload your games and track your stats! →
Sign in with Steam
Match 41179396
Unlisted
Match 41179396
Overview
Messages
Build Orders
End
Construct Infanterie Kompanie
Grenadier Squad
Grenadier Squad
Selects Breakthrough Battlegroup
Selects Assault Grenadiers
MG 42 Machine Gun Team
Construct Panzergrenadier Kompanie
251 Medium Carrier
Panzergrenadier Squad
Panzergrenadier Officer Quarters
Selects Breakthrough
Medical Bunker
Panzergrenadier Squad
Selects Rapid Production
Breakthrough
Construct Panzer Kompanie
Stoßtruppen Squad
Sturmpanzer IV Brummbär
Panzer Officer Quarters
Stoßtruppen Squad
Selects Blitzkrieg
Pak 40 Anti-tank Gun Team
Stoßtruppen Squad
Selects Incendiary Bombing Run
Incendiary Bombing Run
Breakthrough
Stoßtruppen Squad
Breakthrough
Incendiary Bombing Run
Selects Tiger Heavy Tank
Tiger Heavy Tank
Breakthrough
Breakthrough
Pioneer Squad
Stoßtruppen Squad
Stoßtruppen Squad
Breakthrough
Blitzkrieg
Incendiary Bombing Run
insane
gorma
DerFlausi
ManFrau
Rasvak
Bad Moon
CoH3
4113
0
0
Comments
sign in to comment!
No comments posted yet!